Panthers vs Rangers

Created - 24 mars 2021 at 21:21

Goals
1 2 3 T
Panthers 2 1 0 3
Rangers 0 1 1 2
Shots
1 2 3 T
Panthers 12 9 9 30
Rangers 8 6 13 27

1st period

1. Panthers , Andrew Copp 15 (Jean-Gabriel Pageau 16) at 1:06
2. Panthers , Matthew Tkachuk 23 (Colton Parayko 40, Aleksander Barkov 60) at 13:27 (PP)

Penalties :
Cal Clutterbuck (NYR) for Boarding (Minor) at 1:52, Milan Lucic (NYR) for Holding (Minor) at 8:10, Cam Atkinson (NYR) for Hooking (Minor) at 11:32, Colton Parayko (FLA) for Hooking (Minor) at 17:13

2nd period

3. Panthers , Sebastian Aho 29 (Dylan Larkin 47, Colton Parayko 41) at 10:53
4. Rangers , Nick Bonino 16 (Matt Niskanen 45) at 19:27

Penalties :
Colton Parayko (FLA) for Holding (Minor) at 8:40, Jeff Petry (FLA) for Interference (Minor) at 16:17

3rd period

5. Rangers , Cal Clutterbuck 6 (Noel Acciari 23, Nick Bonino 18) at 14:56

Penalties :
No Penalty

Goalie Stats

Corey Crawford (FLA), 25 saves from 27 shots - (0,926), W, 59-1-3, 60:00 minutes
Joonas Korpisalo (NYR), 27 saves from 30 shots - (0,900), L, 19-9-0, 59:19 minutes

Players Stats for Panthers

Player Name              G  A  P  +/- PIM S  H  SB GA TA FO     MP     PP MP  PK MP  
------------------------------------------------------------------------------------
Aleksander Barkov        0  1  1  -1  0   2  0  0  0  0  17/28  18:07   2:01   0:14 
Alex Ovechkin            0  0  0   1  0   3  2  0  0  0  0/0    19:03   2:54   0:00 
Andrew Copp              1  0  1   0  0   2  0  0  0  0  0/2    11:38   0:58   0:00 
Colton Parayko           0  2  2   0  4   0  2  1  0  0  0/0    21:27   1:56   1:09 
Derek Grant              0  0  0   0  0   1  1  0  0  0  1/1     7:00   0:00   1:31 
Dylan Larkin             0  1  1   1  0   4  0  0  0  0  19/30  19:03   2:54   0:00 
Jean-Gabriel Pageau      0  1  1   0  0   1  3  0  0  0  17/31  16:42   0:58   4:26 
Jeff Petry               0  0  0   0  2   1  7  2  0  0  0/0    25:22   2:59   2:17 
Jonathan Huberdeau       0  0  0  -1  0   5  0  1  0  0  1/1    17:53   2:01   0:00 
Matt Calvert             0  0  0   0  0   1  0  0  0  0  0/2     7:50   0:58   1:31 
Matthew Tkachuk          1  0  1  -1  0   3  3  0  0  0  0/2    17:53   2:01   0:00 
Nate Thompson            0  0  0   0  0   0  2  0  0  0  1/5     4:51   0:00   0:00 
Oskar Sundqvist          0  0  0   0  0   2  1  1  0  0  0/1    15:00   0:00   4:12 
Philippe Myers           0  0  0   0  0   0  1  0  0  0  0/0    12:09   0:58   0:00 
Quinn Hughes             0  0  0   0  0   1  1  1  0  0  0/0    24:25   2:59   2:51 
Samuel Girard            0  0  0   0  0   0  0  0  0  0  0/0    22:13   1:56   2:31 
Sebastian Aho            1  0  1   1  0   3  0  0  0  0  0/0    19:03   2:54   0:00 
Zdeno Chara              0  0  0   0  0   1  0  2  0  0  0/0    14:21   0:58   3:06 

Players Stats for Rangers

Player Name              G  A  P  +/- PIM S  H  SB GA TA FO     MP     PP MP  PK MP  
------------------------------------------------------------------------------------
Alexander Radulov        0  0  0  -1  0   1  0  0  0  0  0/2    22:07   2:58   0:00 
Andrew Ladd              0  0  0   0  0   1  0  0  0  0  2/6    17:25   2:57   0:00 
Brandon Pirri            0  0  0  -1  0   0  0  0  0  0  0/4     6:05   0:00   0:00 
Cal Clutterbuck          1  0  1   2  2   2  3  0  0  0  0/2    10:07   0:00   1:40 
Cam Atkinson             0  0  0   0  2   5  0  0  0  0  0/0    18:03   2:58   0:00 
Connor McDavid           0  0  0  -1  0   3  1  0  0  0  19/37  22:07   2:58   0:00 
David Savard             0  0  0   0  0   0  2  2  0  0  0/0    18:37   0:00   2:35 
Devin Shore              0  0  0  -1  0   0  0  0  0  0  0/0     6:05   0:00   0:00 
Dmitry Kulikov           0  0  0   0  0   1  1  3  0  0  0/0    12:29   0:00   0:00 
Erik Cernak              0  0  0   0  0   0  0  0  0  0  0/0    12:29   0:00   0:00 
Matt Niskanen            0  1  1   0  0   2  1  1  0  0  0/0    25:57   3:00   3:18 
Milan Lucic              0  0  0  -1  2   0  0  0  0  0  0/0     6:04   0:00   0:00 
Nick Bonino              1  1  2   2  0   2  0  0  0  0  7/18   11:42   0:00   3:14 
Nick Leddy               0  0  0   0  0   0  1  1  0  0  0/0    25:57   3:00   3:18 
Noel Acciari             0  1  1   2  0   4  0  0  0  0  0/1    14:41   2:59   3:14 
Ryan McDonagh            0  0  0   0  0   0  0  1  0  0  0/0    21:34   2:57   2:35 
Vincent Trocheck         0  0  0   0  0   1  0  0  0  0  15/25  20:06   2:59   2:39 
Zach Hyman               0  0  0  -1  0   5  3  0  0  0  4/8    22:29   2:59   0:59 

3 Stars

1 - Nick Bonino (NYR)
2 - Cal Clutterbuck (NYR)
3 - Sebastian Aho (FLA)

Power Play

Panthers - 1 on 3 Attempt(s) - 33,33%
Rangers - 0 on 3 Attempt(s) - 0,00%

Penalty Kill

Panthers - 3 on 3 Attempt(s) - 100,00% - Score 0 goal in Penalty Kill
Rangers - 2 on 3 Attempt(s) - 66,67% - Score 0 goal in Penalty Kill

Team Stat

Panthers - Hits : 23 - Faceoff Wins : 56 - Blocked Shots : 8 - Penalty Minutes : 6
Rangers - Hits : 12 - Faceoff Wins : 47 - Blocked Shots : 8 - Penalty Minutes : 6

Official

Referees : Peter MacDougall and Mitch Dunning
Linesman : Kyle Larson and Brian Murphy

Game Notes

No Game Note

Finance

Level 1 -- Attendance: 2824 (43,45%) -- Ticket Income 706 000 $
Level 2 -- Attendance: 1927 (38,54%) -- Ticket Income 346 860 $
Level 3 -- Attendance: 1554 (44,40%) -- Ticket Income 186 480 $
Level 4 -- Attendance: 2006 (100,00%) -- Ticket Income 100 300 $
Luxury Box -- Attendance: 510 (51,00%) -- Ticket Income 204 000 $
Game was played at the Madison Square Garden.
Total Attendance: 8821 (48,99%)
Total Ticket Income: 1 543 640 $
Other Income: 756 384 $
Total Income: 2 300 024 $

% Time on Ice - Panthers

Lines # - Real PCT - Wanted PCT - Time Play
Normal Forward
1 - 33% - 33% - 15:52
2 - 34% - 33% - 16:09
3 - 22% - 24% - 10:40
4 - 10% - 10% - 4:51
Normal Defense
1 - 39% - 40% - 18:35
2 - 37% - 40% - 17:46
3 - 22% - 20% - 10:17
4 - 2% - 0% - 0:54
PP Forward
1 - 34% - 50% - 2:01
2 - 66% - 50% - 3:52
PP Defense
1 - 67% - 50% - 3:57
2 - 33% - 50% - 1:56
PK Forward
1 - 75% - 60% - 4:26
2 - 25% - 40% - 1:31
PK Defense
1 - 48% - 60% - 2:51
2 - 52% - 40% - 3:06
PK3 Forward
1 - 0% - 60%
2 - 0% - 40%
PK3 Defense
1 - 0% - 60%
2 - 0% - 40%
44 Forward
1 - 0% - 50%
2 - 0% - 50%
44 Defense
1 - 0% - 60%
2 - 0% - 40%
Last Minute Offensive  - 0:00
Last Minute Defensive  - 0:38
Total
Forward - 60:00
Defense - 60:00

% Time on Ice - Rangers

Lines # - Real PCT - Wanted PCT - Time Play
Normal Forward
1 - 39% - 43% - 18:31
2 - 30% - 33% - 14:28
3 - 18% - 15% - 8:28
4 - 13% - 9% - 6:05
Normal Defense
1 - 40% - 44% - 19:01
2 - 34% - 33% - 16:02
3 - 26% - 23% - 12:29
4 - 0% - 0% - 0:00
PP Forward
1 - 50% - 53% - 2:58
2 - 50% - 47% - 2:59
PP Defense
1 - 50% - 53% - 3:00
2 - 50% - 47% - 2:57
PK Forward
1 - 55% - 55% - 3:14
2 - 45% - 45% - 2:39
PK Defense
1 - 56% - 55% - 3:18
2 - 44% - 45% - 2:35
PK3 Forward
1 - 0% - 55%
2 - 0% - 45%
PK3 Defense
1 - 0% - 55%
2 - 0% - 45%
44 Forward
1 - 0% - 55%
2 - 0% - 45%
44 Defense
1 - 0% - 55%
2 - 0% - 45%
Last Minute Offensive  - 0:38
Last Minute Defensive  - 0:00
Total
Forward - 60:00
Defense - 60:00

Play-by-Play

1st period


0:01 of 1st period - Aleksander Barkov wins face-off versus Zach Hyman in neutral zone.
0:49 of 1st period - Icing by Nick Leddy.
0:50 of 1st period - Dylan Larkin wins face-off versus Zach Hyman in Rangers zone.
1:04 of 1st period - Icing by Nick Leddy.
1:05 of 1st period - Jean-Gabriel Pageau wins face-off versus Connor McDavid in Rangers zone.
1:06 of 1st period - Shot by Andrew Copp.
1:06 of 1st period - Goal by Andrew Copp - Panthers : 1 - Rangers : 0.
1:07 of 1st period - Vincent Trocheck wins face-off versus Jean-Gabriel Pageau in neutral zone.
1:07 of 1st period - Cam Atkinson is hit by Jean-Gabriel Pageau and loses puck.
1:12 of 1st period - Ryan McDonagh is hit by Jean-Gabriel Pageau.
1:21 of 1st period - Icing by Philippe Myers.
1:22 of 1st period - Nick Bonino wins face-off versus Jean-Gabriel Pageau in Panthers zone.
1:44 of 1st period - Nick Bonino is hit by Philippe Myers and loses puck.
1:52 of 1st period - Minor Penalty to Cal Clutterbuck for Boarding.
1:53 of 1st period - Aleksander Barkov wins face-off versus Nick Bonino in Rangers zone.
2:48 of 1st period - Nick Leddy is hit by Alex Ovechkin and loses puck.
3:11 of 1st period - Shot by Alex Ovechkin.
3:11 of 1st period - Stopped by Joonas Korpisalo without a rebound.
3:12 of 1st period - Nick Bonino wins face-off versus Dylan Larkin in Rangers zone.
3:18 of 1st period - Icing by Alex Ovechkin.
3:19 of 1st period - Dylan Larkin wins face-off versus Nick Bonino in Panthers zone.
3:41 of 1st period - Shot by Quinn Hughes.
3:41 of 1st period - Stopped by Joonas Korpisalo without a rebound.
3:42 of 1st period - Vincent Trocheck wins face-off versus Aleksander Barkov in Rangers zone.
4:04 of 1st period - Erik Cernak is hit by Nate Thompson and loses puck.
4:08 of 1st period - Off-side.
4:09 of 1st period - Aleksander Barkov wins face-off versus Vincent Trocheck in neutral zone.
4:21 of 1st period - Off-side.
4:22 of 1st period - Connor McDavid wins face-off versus Dylan Larkin in neutral zone.
4:24 of 1st period - Matt Niskanen is hit by Jeff Petry and loses puck.
4:30 of 1st period - Alexander Radulov is hit by Jeff Petry and loses puck.
4:50 of 1st period - Jeff Petry is hit by Zach Hyman and loses puck.
5:01 of 1st period - Shot by Connor McDavid.
5:01 of 1st period - Shot Misses the Net.
5:03 of 1st period - Shot by Nick Leddy.
5:03 of 1st period - Shot Blocked by Quinn Hughes.
5:26 of 1st period - Icing by Colton Parayko.
5:27 of 1st period - Nick Bonino wins face-off versus Aleksander Barkov in Panthers zone.
5:49 of 1st period - Nick Bonino is hit by Colton Parayko and loses puck.
6:45 of 1st period - Shot by Ryan McDonagh.
6:45 of 1st period - Shot Misses the Net.
6:47 of 1st period - Shot by David Savard.
6:47 of 1st period - Shot Misses the Net.
7:07 of 1st period - Shot by Alexander Radulov.
7:07 of 1st period - Shot Blocked by Colton Parayko.
7:11 of 1st period - Shot by Zach Hyman.
7:11 of 1st period - Shot Blocked by Jonathan Huberdeau.
8:10 of 1st period - Minor Penalty to Milan Lucic for Holding.
8:11 of 1st period - Dylan Larkin wins face-off versus Nick Bonino in Rangers zone.
8:12 of 1st period - Shot by Quinn Hughes.
8:12 of 1st period - Shot Misses the Net.
9:48 of 1st period - Shot by Nick Leddy.
9:48 of 1st period - Deflect By Vincent Trocheck.
9:48 of 1st period - Stopped by Corey Crawford with a rebound.
9:50 of 1st period - Shot by Cal Clutterbuck.
9:50 of 1st period - Stopped by Corey Crawford without a rebound.
9:51 of 1st period - Dylan Larkin wins face-off versus Vincent Trocheck in Panthers zone.
9:51 of 1st period - Dylan Larkin is hit by Cal Clutterbuck.
10:17 of 1st period - Icing by Erik Cernak.
10:18 of 1st period - Connor McDavid wins face-off versus Nate Thompson in Rangers zone.
10:18 of 1st period - Zach Hyman is hit by Nate Thompson and loses puck.
10:49 of 1st period - Shot by Alexander Radulov.
10:49 of 1st period - Deflect By Connor McDavid.
10:49 of 1st period - Shot Misses the Net.
10:51 of 1st period - Shot by Dmitry Kulikov.
10:51 of 1st period - Stopped by Corey Crawford with a rebound.
10:53 of 1st period - Shot by Zach Hyman.
10:53 of 1st period - Shot Misses the Net.
11:32 of 1st period - Minor Penalty to Cam Atkinson for Hooking.
11:33 of 1st period - Dylan Larkin wins face-off versus Nick Bonino in Rangers zone.
11:38 of 1st period - Shot by Sebastian Aho.
11:38 of 1st period - Deflect By Alex Ovechkin.
11:38 of 1st period - Shot Misses the Net.
11:40 of 1st period - Shot by Dylan Larkin.
11:40 of 1st period - Stopped by Joonas Korpisalo without a rebound.
11:41 of 1st period - Aleksander Barkov wins face-off versus Nick Bonino in Rangers zone.
12:06 of 1st period - Shot by Aleksander Barkov.
12:06 of 1st period - Stopped by Joonas Korpisalo with a rebound.
12:13 of 1st period - Icing by Samuel Girard.
12:14 of 1st period - Aleksander Barkov wins face-off versus Vincent Trocheck in Panthers zone.
13:17 of 1st period - Shot by Alex Ovechkin.
13:17 of 1st period - Stopped by Joonas Korpisalo without a rebound.
13:18 of 1st period - Aleksander Barkov wins face-off versus Vincent Trocheck in Rangers zone.
13:19 of 1st period - Shot by Jonathan Huberdeau.
13:19 of 1st period - Shot Misses the Net.
13:21 of 1st period - Shot by Matthew Tkachuk.
13:21 of 1st period - Deflect By Aleksander Barkov.
13:21 of 1st period - Shot Misses the Net.
13:23 of 1st period - Shot by Colton Parayko.
13:23 of 1st period - Shot Blocked by David Savard.
13:25 of 1st period - Shot by Matthew Tkachuk.
13:25 of 1st period - Shot Misses the Net.
13:27 of 1st period - Shot by Matthew Tkachuk.
13:27 of 1st period - Goal by Matthew Tkachuk - Panthers : 2 - Rangers : 0.
13:28 of 1st period - Jean-Gabriel Pageau wins face-off versus Connor McDavid in neutral zone.
13:33 of 1st period - Shot by Andrew Copp.
13:33 of 1st period - Shot Misses the Net.
13:35 of 1st period - Shot by Oskar Sundqvist.
13:35 of 1st period - Shot Misses the Net.
13:37 of 1st period - Shot by Jean-Gabriel Pageau.
13:37 of 1st period - Shot Misses the Net.
13:39 of 1st period - Shot by Oskar Sundqvist.
13:39 of 1st period - Deflect By Andrew Copp.
13:39 of 1st period - Shot Blocked by Dmitry Kulikov.
13:41 of 1st period - Shot by Philippe Myers.
13:41 of 1st period - Shot Blocked by Dmitry Kulikov.
13:43 of 1st period - Shot by Zdeno Chara.
13:43 of 1st period - Stopped by Joonas Korpisalo without a rebound.
13:44 of 1st period - Vincent Trocheck wins face-off versus Dylan Larkin in Rangers zone.
13:44 of 1st period - Vincent Trocheck is hit by Alex Ovechkin.
14:14 of 1st period - Icing by Dylan Larkin.
14:15 of 1st period - Connor McDavid wins face-off versus Dylan Larkin in Panthers zone.
14:15 of 1st period - Alexander Radulov is hit by Jeff Petry and loses puck.
14:23 of 1st period - Icing by Jeff Petry.
14:24 of 1st period - Dylan Larkin wins face-off versus Connor McDavid in Panthers zone.
14:31 of 1st period - Shot by Dylan Larkin.
14:31 of 1st period - Stopped by Joonas Korpisalo without a rebound.
14:32 of 1st period - Jean-Gabriel Pageau wins face-off versus Zach Hyman in Rangers zone.
14:43 of 1st period - Shot by Connor McDavid.
14:43 of 1st period - Shot Misses the Net.
14:45 of 1st period - Shot by Zach Hyman.
14:45 of 1st period - Shot Misses the Net.
14:47 of 1st period - Shot by Zach Hyman.
14:47 of 1st period - Shot Misses the Net.
15:16 of 1st period - Icing by Zach Hyman.
15:17 of 1st period - Connor McDavid wins face-off versus Dylan Larkin in Rangers zone.
15:31 of 1st period - Icing by Quinn Hughes.
15:32 of 1st period - Vincent Trocheck wins face-off versus Dylan Larkin in Panthers zone.
15:32 of 1st period - Cam Atkinson is hit by Jeff Petry and loses puck.
15:54 of 1st period - Icing by Quinn Hughes.
15:55 of 1st period - Dylan Larkin wins face-off versus Nick Bonino in Panthers zone.
16:59 of 1st period - Vincent Trocheck is hit by Colton Parayko and loses puck.
17:08 of 1st period - Shot by Cam Atkinson.
17:08 of 1st period - Stopped by Corey Crawford with a rebound.
17:10 of 1st period - Shot by Matt Niskanen.
17:10 of 1st period - Deflect By Vincent Trocheck.
17:10 of 1st period - Shot Misses the Net.
17:12 of 1st period - Shot by Andrew Ladd.
17:12 of 1st period - Stopped by Corey Crawford with a rebound.
17:13 of 1st period - Minor Penalty to Colton Parayko for Hooking.
17:14 of 1st period - Jean-Gabriel Pageau wins face-off versus Connor McDavid in Panthers zone.
17:37 of 1st period - Shot by Connor McDavid.
17:37 of 1st period - Stopped by Corey Crawford without a rebound.
17:38 of 1st period - Vincent Trocheck wins face-off versus Jean-Gabriel Pageau in Panthers zone.
17:55 of 1st period - Shot by Noel Acciari.
17:55 of 1st period - Stopped by Corey Crawford without a rebound.
17:56 of 1st period - Connor McDavid wins face-off versus Jean-Gabriel Pageau in Panthers zone.
18:04 of 1st period - Icing by Matt Niskanen.
18:05 of 1st period - Jean-Gabriel Pageau wins face-off versus Connor McDavid in Rangers zone.
18:22 of 1st period - Shot by Matt Niskanen.
18:22 of 1st period - Shot Misses the Net.
18:24 of 1st period - Shot by Nick Leddy.
18:24 of 1st period - Shot Misses the Net.
18:26 of 1st period - Shot by Matt Niskanen.
18:26 of 1st period - Stopped by Corey Crawford without a rebound.
18:27 of 1st period - Vincent Trocheck wins face-off versus Matt Calvert in Panthers zone.
18:56 of 1st period - Shot by Derek Grant.
18:56 of 1st period - Stopped by Joonas Korpisalo without a rebound.
18:57 of 1st period - Jean-Gabriel Pageau wins face-off versus Alexander Radulov in Rangers zone.
19:25 of 1st period - Shot by Dylan Larkin.
19:25 of 1st period - Stopped by Joonas Korpisalo without a rebound.
19:26 of 1st period - Connor McDavid wins face-off versus Aleksander Barkov in Rangers zone.
19:51 of 1st period - Shot by Matthew Tkachuk.
19:51 of 1st period - Deflect By Aleksander Barkov.
19:51 of 1st period - Shot Misses the Net.
19:57 of 1st period - Shot by Jonathan Huberdeau.
19:57 of 1st period - Stopped by Joonas Korpisalo with a rebound.
Goals for this period are 2 for Panthers vs 0 for Rangers.
Shots for this period are 12 for Panthers vs 8 for Rangers.

2nd period


0:01 of 2nd period - Dylan Larkin wins face-off versus Andrew Ladd in neutral zone.
0:07 of 2nd period - Dylan Larkin is hit by Nick Leddy and loses puck.
0:27 of 2nd period - Shot by Sebastian Aho.
0:27 of 2nd period - Stopped by Joonas Korpisalo with a rebound.
0:29 of 2nd period - Shot by Dylan Larkin.
0:29 of 2nd period - Shot Misses the Net.
0:31 of 2nd period - Shot by Samuel Girard.
0:31 of 2nd period - Shot Misses the Net.
1:05 of 2nd period - Icing by Aleksander Barkov.
1:06 of 2nd period - Aleksander Barkov wins face-off versus Connor McDavid in Panthers zone.
1:21 of 2nd period - Shot by Jonathan Huberdeau.
1:21 of 2nd period - Deflect By Matthew Tkachuk.
1:21 of 2nd period - Shot Misses the Net.
1:23 of 2nd period - Shot by Jonathan Huberdeau.
1:23 of 2nd period - Shot Blocked by Ryan McDonagh.
1:25 of 2nd period - Shot by Jeff Petry.
1:25 of 2nd period - Stopped by Joonas Korpisalo without a rebound.
1:26 of 2nd period - Jean-Gabriel Pageau wins face-off versus Nick Bonino in Rangers zone.
2:16 of 2nd period - Icing by Nick Bonino.
2:17 of 2nd period - Aleksander Barkov wins face-off versus Nick Bonino in Rangers zone.
3:45 of 2nd period - Icing by Quinn Hughes.
3:46 of 2nd period - Dylan Larkin wins face-off versus Andrew Ladd in Panthers zone.
4:19 of 2nd period - Shot by Jean-Gabriel Pageau.
4:19 of 2nd period - Shot Blocked by David Savard.
4:21 of 2nd period - Shot by Oskar Sundqvist.
4:21 of 2nd period - Stopped by Joonas Korpisalo without a rebound.
4:22 of 2nd period - Aleksander Barkov wins face-off versus Brandon Pirri in Rangers zone.
4:33 of 2nd period - Shot by Matthew Tkachuk.
4:33 of 2nd period - Shot Misses the Net.
4:39 of 2nd period - Shot by Aleksander Barkov.
4:39 of 2nd period - Stopped by Joonas Korpisalo without a rebound.
4:40 of 2nd period - Connor McDavid wins face-off versus Andrew Copp in Rangers zone.
5:00 of 2nd period - Icing by Zach Hyman.
5:01 of 2nd period - Connor McDavid wins face-off versus Aleksander Barkov in Rangers zone.
5:01 of 2nd period - Connor McDavid is hit by Matthew Tkachuk.
5:22 of 2nd period - Off-side.
5:23 of 2nd period - Dylan Larkin wins face-off versus Vincent Trocheck in neutral zone.
6:43 of 2nd period - Icing by Colton Parayko.
6:44 of 2nd period - Connor McDavid wins face-off versus Jean-Gabriel Pageau in Panthers zone.
6:50 of 2nd period - Jean-Gabriel Pageau is hit by David Savard and loses puck.
6:59 of 2nd period - Shot by Andrew Copp.
6:59 of 2nd period - Stopped by Joonas Korpisalo without a rebound.
7:00 of 2nd period - Nick Bonino wins face-off versus Aleksander Barkov in Rangers zone.
7:09 of 2nd period - Shot by Jonathan Huberdeau.
7:09 of 2nd period - Stopped by Joonas Korpisalo without a rebound.
7:10 of 2nd period - Connor McDavid wins face-off versus Nate Thompson in Rangers zone.
7:35 of 2nd period - Shot by Connor McDavid.
7:35 of 2nd period - Shot Misses the Net.
7:40 of 2nd period - Philippe Myers is hit by Matt Niskanen and loses puck.
8:40 of 2nd period - Minor Penalty to Colton Parayko for Holding.
8:41 of 2nd period - Zach Hyman wins face-off versus Oskar Sundqvist in Panthers zone.
8:54 of 2nd period - Shot by Noel Acciari.
8:54 of 2nd period - Stopped by Corey Crawford without a rebound.
8:55 of 2nd period - Jean-Gabriel Pageau wins face-off versus Connor McDavid in Panthers zone.
9:37 of 2nd period - Icing by Noel Acciari.
9:38 of 2nd period - Vincent Trocheck wins face-off versus Matt Calvert in Rangers zone.
9:45 of 2nd period - Shot by Nick Leddy.
9:45 of 2nd period - Deflect By Zach Hyman.
9:45 of 2nd period - Stopped by Corey Crawford without a rebound.
9:46 of 2nd period - Vincent Trocheck wins face-off versus Jean-Gabriel Pageau in Panthers zone.
10:07 of 2nd period - Shot by Zach Hyman.
10:07 of 2nd period - Stopped by Corey Crawford without a rebound.
10:08 of 2nd period - Derek Grant wins face-off versus Connor McDavid in Panthers zone.
10:37 of 2nd period - Shot by Connor McDavid.
10:37 of 2nd period - Deflect By Cam Atkinson.
10:37 of 2nd period - Shot Misses the Net.
10:39 of 2nd period - Shot by Ryan McDonagh.
10:39 of 2nd period - Shot Misses the Net.
10:53 of 2nd period - Shot by Sebastian Aho.
10:53 of 2nd period - Goal by Sebastian Aho - Panthers : 3 - Rangers : 0.
10:54 of 2nd period - Aleksander Barkov wins face-off versus Nick Bonino in neutral zone.
11:21 of 2nd period - Shot by Nick Bonino.
11:21 of 2nd period - Shot Blocked by Zdeno Chara.
11:25 of 2nd period - Shot by Nick Bonino.
11:25 of 2nd period - Shot Blocked by Zdeno Chara.
11:46 of 2nd period - Icing by Aleksander Barkov.
11:47 of 2nd period - Jonathan Huberdeau wins face-off versus Connor McDavid in Panthers zone.
11:47 of 2nd period - Jonathan Huberdeau is hit by Connor McDavid.
12:33 of 2nd period - Shot by Alex Ovechkin.
12:33 of 2nd period - Deflect By Sebastian Aho.
12:33 of 2nd period - Shot Misses the Net.
13:00 of 2nd period - Off-side.
13:01 of 2nd period - Vincent Trocheck wins face-off versus Nate Thompson in neutral zone.
13:41 of 2nd period - Icing by Samuel Girard.
13:42 of 2nd period - Nate Thompson wins face-off versus Brandon Pirri in Panthers zone.
14:06 of 2nd period - Shot by Devin Shore.
14:06 of 2nd period - Shot Misses the Net.
15:07 of 2nd period - Icing by Dmitry Kulikov.
15:08 of 2nd period - Dylan Larkin wins face-off versus Brandon Pirri in Rangers zone.
15:23 of 2nd period - Shot by Dylan Larkin.
15:23 of 2nd period - Shot Blocked by Dmitry Kulikov.
15:25 of 2nd period - Shot by Sebastian Aho.
15:25 of 2nd period - Shot Misses the Net.
15:28 of 2nd period - Dylan Larkin is hit by Dmitry Kulikov and loses puck.
15:37 of 2nd period - Shot by Sebastian Aho.
15:37 of 2nd period - Stopped by Joonas Korpisalo without a rebound.
15:38 of 2nd period - Connor McDavid wins face-off versus Aleksander Barkov in Rangers zone.
15:45 of 2nd period - Jeff Petry is hit by Zach Hyman and loses puck.
15:59 of 2nd period - Alexander Radulov is hit by Quinn Hughes and loses puck.
16:17 of 2nd period - Minor Penalty to Jeff Petry for Interference.
16:18 of 2nd period - Zach Hyman wins face-off versus Jean-Gabriel Pageau in Panthers zone.
17:17 of 2nd period - Shot by Cam Atkinson.
17:17 of 2nd period - Stopped by Corey Crawford without a rebound.
17:18 of 2nd period - Jean-Gabriel Pageau wins face-off versus Connor McDavid in Panthers zone.
17:30 of 2nd period - Icing by Andrew Ladd.
17:31 of 2nd period - Jean-Gabriel Pageau wins face-off versus Connor McDavid in Rangers zone.
17:36 of 2nd period - Shot by Oskar Sundqvist.
17:36 of 2nd period - Stopped by Joonas Korpisalo without a rebound.
17:37 of 2nd period - Vincent Trocheck wins face-off versus Jean-Gabriel Pageau in Rangers zone.
19:10 of 2nd period - Shot by Cam Atkinson.
19:10 of 2nd period - Stopped by Corey Crawford without a rebound.
19:11 of 2nd period - Nick Bonino wins face-off versus Aleksander Barkov in Panthers zone.
19:27 of 2nd period - Shot by Nick Bonino.
19:27 of 2nd period - Goal by Nick Bonino - Panthers : 3 - Rangers : 1.
19:28 of 2nd period - Connor McDavid wins face-off versus Jean-Gabriel Pageau in neutral zone.
19:33 of 2nd period - Icing by Colton Parayko.
19:34 of 2nd period - Jean-Gabriel Pageau wins face-off versus Andrew Ladd in Panthers zone.
Goals for this period are 1 for Panthers vs 1 for Rangers.
Shots for this period are 9 for Panthers vs 6 for Rangers.

3rd period


0:01 of 3rd period - Aleksander Barkov wins face-off versus Connor McDavid in neutral zone.
0:06 of 3rd period - Shot by Quinn Hughes.
0:06 of 3rd period - Shot Misses the Net.
0:08 of 3rd period - Shot by Matthew Tkachuk.
0:08 of 3rd period - Stopped by Joonas Korpisalo without a rebound.
0:09 of 3rd period - Dylan Larkin wins face-off versus Connor McDavid in Rangers zone.
0:18 of 3rd period - Shot by Sebastian Aho.
0:18 of 3rd period - Shot Hit the Post.
0:34 of 3rd period - Shot by Alexander Radulov.
0:34 of 3rd period - Shot Misses the Net.
0:36 of 3rd period - Shot by Matt Niskanen.
0:36 of 3rd period - Stopped by Corey Crawford with a rebound.
0:41 of 3rd period - Connor McDavid is hit by Jeff Petry and loses puck.
0:46 of 3rd period - Shot by Zach Hyman.
0:46 of 3rd period - Shot Blocked by Jeff Petry.
1:14 of 3rd period - Shot by Cam Atkinson.
1:14 of 3rd period - Deflect By Vincent Trocheck.
1:14 of 3rd period - Shot Misses the Net.
1:20 of 3rd period - Andrew Ladd is hit by Matthew Tkachuk and loses puck.
2:15 of 3rd period - Erik Cernak is hit by Jean-Gabriel Pageau and loses puck.
3:06 of 3rd period - Shot by Matt Calvert.
3:06 of 3rd period - Stopped by Joonas Korpisalo without a rebound.
3:07 of 3rd period - Dylan Larkin wins face-off versus Alexander Radulov in Rangers zone.
3:32 of 3rd period - Shot by Sebastian Aho.
3:32 of 3rd period - Shot Misses the Net.
4:20 of 3rd period - Shot by Matthew Tkachuk.
4:20 of 3rd period - Stopped by Joonas Korpisalo without a rebound.
4:21 of 3rd period - Nick Bonino wins face-off versus Jean-Gabriel Pageau in Rangers zone.
4:47 of 3rd period - Shot by Noel Acciari.
4:47 of 3rd period - Stopped by Corey Crawford without a rebound.
4:48 of 3rd period - Vincent Trocheck wins face-off versus Aleksander Barkov in Panthers zone.
5:00 of 3rd period - Off-side.
5:01 of 3rd period - Dylan Larkin wins face-off versus Brandon Pirri in neutral zone.
5:51 of 3rd period - Icing by Jeff Petry.
5:52 of 3rd period - Zach Hyman wins face-off versus Dylan Larkin in Panthers zone.
5:53 of 3rd period - Shot by Connor McDavid.
5:53 of 3rd period - Stopped by Corey Crawford without a rebound.
5:54 of 3rd period - Connor McDavid wins face-off versus Matthew Tkachuk in Panthers zone.
5:57 of 3rd period - Shot by Zach Hyman.
5:57 of 3rd period - Stopped by Corey Crawford without a rebound.
5:58 of 3rd period - Connor McDavid wins face-off versus Aleksander Barkov in Panthers zone.
6:05 of 3rd period - Shot by Connor McDavid.
6:05 of 3rd period - Stopped by Corey Crawford without a rebound.
6:06 of 3rd period - Connor McDavid wins face-off versus Aleksander Barkov in Panthers zone.
6:20 of 3rd period - Icing by Colton Parayko.
6:21 of 3rd period - Andrew Ladd wins face-off versus Matthew Tkachuk in Panthers zone.
6:34 of 3rd period - Nick Leddy is hit by Matthew Tkachuk and loses puck.
6:39 of 3rd period - Shot by Jonathan Huberdeau.
6:39 of 3rd period - Stopped by Joonas Korpisalo without a rebound.
6:40 of 3rd period - Connor McDavid wins face-off versus Jean-Gabriel Pageau in Rangers zone.
6:54 of 3rd period - Connor McDavid is hit by Jeff Petry.
6:58 of 3rd period - Shot by Connor McDavid.
6:58 of 3rd period - Shot Misses the Net.
7:06 of 3rd period - Connor McDavid is hit by Oskar Sundqvist and loses puck.
7:42 of 3rd period - Off-side.
7:43 of 3rd period - Vincent Trocheck wins face-off versus Dylan Larkin in neutral zone.
7:47 of 3rd period - Off-side.
7:48 of 3rd period - Aleksander Barkov wins face-off versus Vincent Trocheck in neutral zone.
8:36 of 3rd period - Icing by Colton Parayko.
8:37 of 3rd period - Aleksander Barkov wins face-off versus Noel Acciari in Panthers zone.
8:37 of 3rd period - Aleksander Barkov is hit by Cal Clutterbuck.
8:55 of 3rd period - Shot by Nick Bonino.
8:55 of 3rd period - Stopped by Corey Crawford without a rebound.
8:56 of 3rd period - Dylan Larkin wins face-off versus Connor McDavid in Panthers zone.
8:56 of 3rd period - Dylan Larkin is hit by Zach Hyman.
9:29 of 3rd period - Shot by Zach Hyman.
9:29 of 3rd period - Stopped by Corey Crawford without a rebound.
9:30 of 3rd period - Jean-Gabriel Pageau wins face-off versus Vincent Trocheck in Panthers zone.
9:44 of 3rd period - Icing by Matt Niskanen.
9:45 of 3rd period - Andrew Ladd wins face-off versus Nate Thompson in Rangers zone.
9:45 of 3rd period - Matt Niskanen is hit by Derek Grant and loses puck.
10:28 of 3rd period - Icing by Matt Niskanen.
10:29 of 3rd period - Dylan Larkin wins face-off versus Andrew Ladd in Rangers zone.
10:30 of 3rd period - Shot by Alex Ovechkin.
10:30 of 3rd period - Shot Blocked by Nick Leddy.
10:38 of 3rd period - Shot by Alex Ovechkin.
10:38 of 3rd period - Stopped by Joonas Korpisalo without a rebound.
10:39 of 3rd period - Jean-Gabriel Pageau wins face-off versus Connor McDavid in Rangers zone.
10:52 of 3rd period - Shot by Oskar Sundqvist.
10:52 of 3rd period - Shot Misses the Net.
10:55 of 3rd period - Icing by Ryan McDonagh.
10:56 of 3rd period - Zach Hyman wins face-off versus Dylan Larkin in Rangers zone.
11:36 of 3rd period - Alex Ovechkin is hit by David Savard and loses puck.
12:20 of 3rd period - Shot by Cam Atkinson.
12:20 of 3rd period - Stopped by Corey Crawford without a rebound.
12:21 of 3rd period - Jean-Gabriel Pageau wins face-off versus Cal Clutterbuck in Panthers zone.
12:27 of 3rd period - Off-side.
12:28 of 3rd period - Jean-Gabriel Pageau wins face-off versus Vincent Trocheck in neutral zone.
12:55 of 3rd period - Off-side.
12:56 of 3rd period - Aleksander Barkov wins face-off versus Nick Bonino in neutral zone.
13:28 of 3rd period - Icing by Matthew Tkachuk.
13:29 of 3rd period - Aleksander Barkov wins face-off versus Vincent Trocheck in Panthers zone.
13:31 of 3rd period - Icing by Jonathan Huberdeau.
13:32 of 3rd period - Vincent Trocheck wins face-off versus Aleksander Barkov in Panthers zone.
13:35 of 3rd period - Shot by Cam Atkinson.
13:35 of 3rd period - Shot Misses the Net.
13:51 of 3rd period - Shot by Jonathan Huberdeau.
13:51 of 3rd period - Shot Blocked by Matt Niskanen.
14:12 of 3rd period - Shot by Cam Atkinson.
14:12 of 3rd period - Stopped by Corey Crawford without a rebound.
14:13 of 3rd period - Dylan Larkin wins face-off versus Connor McDavid in Panthers zone.
14:32 of 3rd period - Shot by Alexander Radulov.
14:32 of 3rd period - Stopped by Corey Crawford without a rebound.
14:33 of 3rd period - Jean-Gabriel Pageau wins face-off versus Cal Clutterbuck in Panthers zone.
14:54 of 3rd period - Shot by Noel Acciari.
14:54 of 3rd period - Shot Blocked by Oskar Sundqvist.
14:56 of 3rd period - Shot by Cal Clutterbuck.
14:56 of 3rd period - Goal by Cal Clutterbuck - Panthers : 3 - Rangers : 2.
14:57 of 3rd period - Dylan Larkin wins face-off versus Connor McDavid in neutral zone.
15:03 of 3rd period - Icing by Nick Leddy.
15:04 of 3rd period - Connor McDavid wins face-off versus Dylan Larkin in Rangers zone.
15:39 of 3rd period - Shot by Zach Hyman.
15:39 of 3rd period - Stopped by Corey Crawford without a rebound.
15:40 of 3rd period - Vincent Trocheck wins face-off versus Jean-Gabriel Pageau in Panthers zone.
16:07 of 3rd period - Shot by Jean-Gabriel Pageau.
16:07 of 3rd period - Shot Misses the Net.
16:51 of 3rd period - Icing by Aleksander Barkov.
16:52 of 3rd period - Aleksander Barkov wins face-off versus Nick Bonino in Panthers zone.
16:52 of 3rd period - Aleksander Barkov is hit by Cal Clutterbuck.
16:58 of 3rd period - Shot by Matthew Tkachuk.
16:58 of 3rd period - Shot Misses the Net.
17:14 of 3rd period - Shot by Jonathan Huberdeau.
17:14 of 3rd period - Stopped by Joonas Korpisalo without a rebound.
17:15 of 3rd period - Dylan Larkin wins face-off versus Zach Hyman in Rangers zone.
17:44 of 3rd period - Shot by Dylan Larkin.
17:44 of 3rd period - Stopped by Joonas Korpisalo with a rebound.
17:47 of 3rd period - Icing by Connor McDavid.
17:48 of 3rd period - Connor McDavid wins face-off versus Andrew Copp in Rangers zone.
17:56 of 3rd period - Icing by Dmitry Kulikov.
17:57 of 3rd period - Aleksander Barkov wins face-off versus Connor McDavid in Rangers zone.
18:23 of 3rd period - Shot by Jonathan Huberdeau.
18:23 of 3rd period - Stopped by Joonas Korpisalo without a rebound.
18:24 of 3rd period - Vincent Trocheck wins face-off versus Jean-Gabriel Pageau in Rangers zone.
18:28 of 3rd period - Off-side.
18:29 of 3rd period - Jean-Gabriel Pageau wins face-off versus Vincent Trocheck in neutral zone.
18:40 of 3rd period - Shot by Jean-Gabriel Pageau.
18:40 of 3rd period - Stopped by Joonas Korpisalo without a rebound.
18:41 of 3rd period - Nick Bonino wins face-off versus Dylan Larkin in Rangers zone.
19:13 of 3rd period - Shot by Dylan Larkin.
19:13 of 3rd period - Shot Hit the Post.
19:19 of 3rd period - Rangers, Joonas Korpisalo is pulled from the net.
19:21 of 3rd period - Shot by Noel Acciari.
19:21 of 3rd period - Stopped by Corey Crawford without a rebound.
19:22 of 3rd period - Connor McDavid wins face-off versus Jean-Gabriel Pageau in Panthers zone.
19:27 of 3rd period - Shot by Matt Niskanen.
19:27 of 3rd period - Shot Blocked by Jeff Petry.
19:38 of 3rd period - Connor McDavid is hit by Jeff Petry and loses puck.
Goals for this period are 0 for Panthers vs 1 for Rangers.
Shots for this period are 9 for Panthers vs 13 for Rangers.